 Dungeon Crawl Stone Soup version 0.30-a0-830-gfe289a77b0 (webtiles) character file.

Game seed: 4085192683978664992

85010 Jeffwins the Markshuman (level 16, 0/109 HPs)
             Began as a Human Wanderer on Feb 28, 2023.
             Was an Initiate of Gozag.
             Slain by a red ugly thing (10 damage)
             ... on level 15 of the Dungeon.
             The game lasted 00:35:23 (22181 turns).

Jeffwins the Markshuman (Human Wanderer)           Turns: 22181, Time: 00:35:24

Health: 0/109      AC:  9    Str: 13    XL:     16   Next: 29%
Magic:  28/28      EV: 12    Int: 20    God:    Gozag
Gold:   952        SH:  0    Dex: 16    Spells: 26/31 levels left

rFire   + . .      SeeInvis .    a - +8 storm bow {elec, penet}
rCold   . . .      Faith    .    (shield currently unavailable)
rNeg    . . .      Spirit   .    m - +1 acid dragon scales
rPois   +          Reflect  .    s - +0 helmet
rElec   .          Harm     .    I - scarf {repulsion}
rCorr   +          Rampage  .    X - +0 pair of gloves {Stlth+}
Will    +++..      Rage     50%  (no boots)
Stlth   ++++                     c - necklace of Bloodlust {Fury *Rage Will++ Int-3 Slay+6}
HPRegen 0.38/turn                q - ring "Tais" {rPois rF+ Int+6}
MPRegen 0.21/turn                Y - +4 ring of slaying

@: studying Evocations, repel missiles
A: no striking features
a: Renounce Religion, Potion Petition, Call Merchant, Bribe Branch


You were on level 15 of the Dungeon.
You worshipped Gozag.
Gozag was pleased with you.
You visited 4 branches of the dungeon, and saw 23 of its levels.
You also visited: Volcano.

You collected 7609 gold pieces.
You spent 4941 gold pieces at shops.
You paid 1716 gold pieces to Gozag.


   Skills:
 - Level 5.0 Fighting
 * Level 17.0 Ranged Weapons
 - Level 6.0 Throwing
 - Level 3.0 Dodging
 - Level 5.0 Stealth
 * Level 8.1 Spellcasting
 * Level 8.6 Conjurations
 * Level 8.8 Ice Magic
 * Level 8.8 Air Magic
 + Level 12.6 Evocations


You had 26 spell levels left.
You knew the following spells:

 Your Spells              Type           Power      Damage    Failure   Level
z - Freezing Cloud        Conj/Ice/Air   21%        6-21      10%         5

Your spell library contained the following spells:

 Spells                   Type           Power      Damage    Failure   Level
 Foxfire                  Conj/Fire      100%       2x1d9     1%          1
 Static Discharge         Conj/Air       86%        2-6/arc   1%          2
 Ensorcelled Hibernation  Hex/Ice        50%        N/A       3%          2
 Summon Ice Beast         Ice/Summ       25%        N/A       21%         4
 Spider Form              Tmut/Pois      8%         N/A       36%         3
 Metabolic Englaciation   Hex/Ice        12%        N/A       50%         5
 Anguish                  Hex/Necr       4%         N/A       77%         4
 Petrify                  Tmut/Erth      8%         N/A       77%         4
 Orb of Destruction       Conj           21%        9d8       96%         7
 Statue Form              Tmut/Erth      5%         N/A       100%        6

Inventory:

Hand Weapons
 a - the +8 storm bow (weapon) {elec, penet}
   (You bought it in a shop on level 7 of the Dungeon)
 M - a +1 demon trident of freezing
 Q - a +1 hand crossbow of flaming
Missiles
 f - 5 datura-tipped darts
 B - a throwing net {=f}
 J - 4 curare-tipped darts {=f}
Armour
 m - +1 acid dragon scales (worn)
 s - a +0 helmet (worn)
 t - the +2 ring mail "Suppeatz" {rF- rN+++ Stlth+}
   (You found it on level 13 of the Dungeon)

   rF:        It makes you vulnerable to fire.
   rN:        It renders you almost immune to negative energy.
   Stlth:     It makes you more stealthy.
 I - a scarf of repulsion (worn)
 K - the +1 buckler "Pogru" {rElec Str-4 SInv}
   (You bought it in a shop on level 2 of the Orcish Mines)

   Str:       It affects your strength (-4).
   rElec:     It insulates you from electricity.
   SInv:      It lets you see invisible.
 O - the +2 robe of Lilacs {Regen+ Str+4 Int-2 SInv}
   (You found it on level 11 of the Dungeon)

   Str:       It affects your strength (+4).
   Int:       It affects your intelligence (-2).
   SInv:      It lets you see invisible.
   Regen:     It increases your rate of health regeneration.
 V - a +2 kite shield of cold resistance
 X - a +0 pair of gloves of stealth (worn)
Jewellery
 c - the necklace of Bloodlust (around neck) {Fury *Rage Will++ Int-3 Slay+6}
   (You bought it in a shop on level 13 of the Dungeon)

   [amulet of nothing]

   Fury:      It extends the wearer's berserk rage when killing foes.
   Int:       It affects your intelligence (-3).
   Slay:      It affects your accuracy & damage with ranged weapons and melee
   (+6).
   *Rage:     It berserks you when you make melee attacks (+50% chance).
   Will:      It greatly increases your willpower.
 g - an amulet of regeneration
 h - the ring "Nishroaps" {+Blink rElec SInv}
   (You bought it in a shop on level 13 of the Dungeon)

   [ring of see invisible]

   rElec:     It insulates you from electricity.
   SInv:      It lets you see invisible.
   +Blink:    It lets you blink.
 o - a +4 ring of protection
 q - the ring "Tais" (left hand) {rPois rF+ Int+6}
   (You bought it in a shop on level 2 of the Orcish Mines)

   [ring of intelligence]

   Int:       It affects your intelligence (+6).
   rF:        It protects you from fire.
   rPois:     It protects you from poison.
 v - a ring of see invisible
 C - a ring of ice
 S - the amulet "Abbuumpub" {Faith Slay+2 SInv}
   (You found it on level 5 of the Lair of Beasts)

   [amulet of faith]

   It allows you to gain divine favour quickly.
   Slay:      It affects your accuracy & damage with ranged weapons and melee
   (+2).
   SInv:      It lets you see invisible.
 Y - a +4 ring of slaying (right hand)
 Z - the ring "Zipsed" {Fly rN+ Str-4 Int+3}
   (You bought it in a shop on level 2 of the Orcish Mines)

   [ring of flight]

   Str:       It affects your strength (-4).
   Int:       It affects your intelligence (+3).
   rN:        It protects you from negative energy.
   Fly:       It grants you flight.
Wands
 p - a wand of paralysis (5)
 z - a wand of acid (3)
 A - a wand of digging (11)
 D - a wand of flame (51)
 F - a wand of polymorph (6)
 G - a wand of mindburst (5)
Scrolls
 d - 6 scrolls of amnesia
 i - 2 scrolls of silence {!r}
 l - 2 scrolls of fear
 x - 5 scrolls of teleportation {@r4}
 y - 4 scrolls of enchant weapon
 H - a scroll of fog
 L - 2 scrolls of magic mapping
 N - 3 scrolls of summoning
 P - 6 scrolls of poison {!r}
 W - 3 scrolls of blinking
Potions
 b - a potion of cancellation
 e - 5 potions of haste {@q3}
 j - 4 potions of lignification {!q}
 k - 4 potions of mutation {!q}
 n - 6 potions of heal wounds {@q2}
 u - 3 potions of curing {@q1}
 w - a potion of resistance {unknown}
 E - 2 potions of magic
 R - 4 potions of brilliance
 T - a potion of might
Miscellaneous
 r - a phial of floods

Dungeon Overview and Level Annotations

Branches:
Dungeon (15/15)            Temple (0/1) D:7            Lair (5/5) D:10
 Shoals (0/4) Lair:2        Snake (1/4) Lair:2        Slime (0/5) Lair:5
    Orc (2/2) D:10            Elf (0/3) Orc:2        Vaults (0/5) D:13
Volcano (visited)
 Depths: D:15

Altars:
Ashenzari
Dithmenos
Gozag
Hepliaklqana
Makhleb
Nemelex Xobeh
Qazlal
Sif Muna
Uskayaw
Vehumet
Jiyva

Shops:
D:3 =   D:4 !   D:7 (   D:10 =   D:13 ==?   Orc:2 [[(=

Portals:
Bazaar: D:14

.............#
#######..###'###
#.##≈≈~≈≈# #.##≈~≈~≈#
#.<#~≈~≈~# #.##≈~≈~≈###
## #.####'###.#######.#
#................$#
#######.########@#####.##
#.......# #u# #.##
#.####### #.#####$## #.#
#.#.....u# #.#
#......##u# #.# ###.##.#
## #.# #.##H# ..#######
#.##.# ##......# #.##.. $


You could see a red ugly thing.


Message History

You are engulfed in flames!
You resist.
* * * LOW HITPOINT WARNING * * *
The manticore bites you but does no damage.
The manticore barely misses you. The manticore claws you.
* * * LOW HITPOINT WARNING * * *
You see here 6 gold pieces.
The red ugly thing attacks as you move away!
The red ugly thing closely misses you. The red ugly thing tail-slaps you.
* * * LOW HITPOINT WARNING * * *
You are engulfed in flames!
You resist.
* * * LOW HITPOINT WARNING * * *
As you read the scroll of fear, it crumbles to dust.
You assume a fearsome visage.
The red ugly thing looks frightened! x2
The manticore looks frightened!
The red ugly thing basks in the mutagenic energy from its kin and changes!
Aiming: Paralyse
Press: ? - help, Shift-Dir - straight line, f - red ugly thing
Aim: a red ugly thing (chance to affect: 59%)
The red ugly thing resists with significant effort.
Unknown command.
Aiming: Paralyse
Press: ? - help, Shift-Dir - straight line, f/p - red ugly thing
Aim: a red ugly thing (chance to affect: 59%)
The red ugly thing resists with significant effort.
The red ugly thing gores you!
* * * LOW HITPOINT WARNING * * *
You are engulfed in flames!
You resist.
You die...
Your body crumbles into a pile of gold.

Skill      XL: |  1  2  3  4  5  6  7  8  9 10 11 12 13 14 15 16 |
---------------+-------------------------------------------------+-----
Stealth        | 1 2 3 4 5 |  5.0
Ranged Weapons | 3 4 5 6 7 9 11 13 15 16 17 | 17.0
Throwing       | 1 2 3 4 5 6 |  6.0
Evocations     | 1 2 3 5 7 9 10 11 12 | 12.6
Ice Magic      | 2 5 7 8 |  8.8
Air Magic      | 2 5 7 8 |  8.8
Conjurations   | 2 5 7 8 |  8.6
Spellcasting   | 2 4 6 7 8 |  8.1
Fighting       | |  5.0
Dodging        | |  3.0

Action                     |  1- 3 |  4- 6 |  7- 9 | 10-12 | 13-15 | 16-18 || total
---------------------------+-------+-------+-------+-------+-------+-------++-------
   Fire: Sling             |    69 |   286 |   197 |       |       |       ||   552
         Shortbow          |       |       |   169 |       |       |       ||   169
         Longbow           |       |       |     5 |   417 |   920 |    76 ||  1418
  Throw: Dart              |       |     4 |     6 |       |       |       ||    10
   Cast: Freezing Cloud    |       |       |       |       |     1 |       ||     1
 Invoke: Call Merchant     |       |       |       |       |     3 |       ||     3
  Evoke: Wand              |       |       |     6 |     6 |     8 |     2 ||    22
         Phial of floods   |       |       |       |       |     1 |       ||     1
    Use: Scroll            |       |     5 |     3 |     4 |    11 |     2 ||    25
         Potion            |       |       |     5 |       |     1 |     1 ||     7
 Armour: Leather armour    |    10 |   133 |    80 |       |       |       ||   223
         Acid dragon scale |       |       |    13 |    65 |    70 |     4 ||   152
  Dodge: Dodged            |    17 |   134 |   127 |   113 |   112 |    15 ||   518
         Repelled          |       |       |       |       |     5 |       ||     5

Levels and vault maps discovered:
D:1:      lightli_arrival_boilingwater, layout_rooms
D:2:      layout_rooms
D:3:      layout_basic, mainiacjoe_overflow_small_starburst, serial_shops,
          shop_fountains, kennysheep_small_spiral, chequers_jeans, minmay_puff,
          uniq_robin
D:4:      layout_loops_corners, mainiacjoe_overflow_cross_hatched, serial_shops,
          shop, grunt_decor_clamped, minmay_cupped, uniq_ijyb
D:5:      layout_loops_cross, nemelex_spade_bored_becter
D:6:      layout_loops_corners
D:7:      layout_basic, amcnicky_altar_gilded, minmay_temple_entry_fiery,
          serial_shops, shop, patterned_corridor, uniq_maggie, uniq_duvessa
D:8:      layout_basic, kennysheep_mini
D:9:      layout_cross, nicolae_qazlal_style_of_elements
D:10:     layout_basic, general_overflow_altar, dpeg_oklobed_lair, david_orc_2,
          serial_shops, shop, serial_undead, serial_undead_d, serial_undead_a,
          serial_undead_c, serial_undead_e, uniq_lodul
D:11:     layout_basic, beargit_hepliaklqana_dungeon_heroes
D:12:     layout_roguey, uniq_snorg
D:13:     layout_loops_ring, grunt_vaults_entry_fortified, vehumet_crystals,
          uniq_frances
D:14:     layout_layer_cave, led_sif_pool, serial_shops, bzr_entry_islet
D:15:     hangedman_depths_entry_try_elsewhere_first, layout_loops_ring,
          serial_rivers, chequers_serial_rivers_micro_d,
          chequers_serial_rivers_large_b, chequers_serial_rivers_room_b,
          chequers_serial_rivers_small_b, chequers_serial_rivers_room_a,
          chequers_serial_rivers_micro_d, solitary_fountain, uniq_louise
Lair:1:   layout_gridlike
Lair:2:   layout_cave_pods, minmay_shoals_entry_centaurs,
          guppyfry_snake_entry_garden
Lair:3:   layout_regular_city, grunt_megastairs_3, uniq_urug
Lair:4:   layout_roguey, minmay_stone_trees_small, fungi_pond_lemuel,
          grunt_megastairs_5, serial_bayou_shore_a
Lair:5:   grunt_lair_end_beastmaster, layout_cave_shapes, slime_entry_1,
          nicolae_volcano_entry_batcave, basic_altar
Snake:1:  layout_rooms, serial_shops, shop_statue, hangedman_venom_bottle
Orc:1:    layout_diamond_mine
Orc:2:    grunt_orc_community_town_hall, layout_diamond_mine,
          grunt_orc_community_big_house_1, grunt_orc_community_big_house_2,
          grunt_orc_community_house_2, grunt_orc_community_house_1,
          grunt_orc_community_house_3, grunt_orc_community_house_3,
          grunt_orc_community_house_3

Notes
Turn   | Place    | Note
-------+----------+-------------------------------------------
     0 | D:1      | Jeffwins the Human Wanderer began the quest for the Orb.
     0 | D:1      | Jeffwins set off with the following items: a +1 sling, a +2
                  | leather armour, a potion of haste {@q3}.
     0 | D:1      | Reached XP level 1. HP: 21/21 MP: 1/1
    93 | D:1      | Reached XP level 2. HP: 27/27 MP: 2/2
   171 | D:1      | Reached skill level 1 in Stealth
   195 | D:1      | Reached XP level 3. HP: 33/33 MP: 3/3
   209 | D:1      | Reached skill level 3 in Ranged Weapons
   552 | D:2      | Reached XP level 4. HP: 35/39 MP: 4/4
   624 | D:2      | Reached skill level 2 in Stealth
  1180 | D:3      | Noticed Robin
  1190 | D:3      | Reached XP level 5. HP: 44/44 MP: 5/5
  1205 | D:3      | Reached skill level 4 in Ranged Weapons
  1209 | D:3      | Killed Robin
  1210 | D:3      | Reached skill level 1 in Throwing
  1655 | D:3      | Found an opulent altar of Gozag.
  1669 | D:3      | Became a worshipper of Gozag Ym Sagoz the Greedy
  1890 | D:3      | Found Kamuraot's Jewellery Boutique.
  2046 | D:4      | Found Istreini's Distillery.
  2050 | D:4      | Bought a potion of degeneration for 10 gold pieces
  2175 | D:4      | Noticed Ijyb
  2176 | D:4      | Paralysed by Ijyb for 5 turns
  2190 | D:4      | Killed Ijyb
  2231 | D:4      | Reached XP level 6. HP: 51/51 MP: 6/6
  2300 | D:4      | Found a broken altar of Ashenzari.
  2600 | D:4      | Reached skill level 3 in Stealth
  2645 | D:4      | Reached skill level 5 in Ranged Weapons
  2645 | D:4      | Reached skill level 2 in Throwing
  2645 | D:4      | Reached skill level 1 in Evocations
  2825 | D:4      | Reached XP level 7. HP: 54/56 MP: 7/7
  3111 | D:5      | Entered Level 5 of the Dungeon
  3159 | D:5      | HP: 5/56 [poisoned by an orc wizard]
  3466 | D:5      | Reached skill level 2 in Evocations
  3520 | D:5      | Reached skill level 3 in Throwing
  3571 | D:5      | Reached skill level 6 in Ranged Weapons
  3571 | D:5      | Reached skill level 4 in Stealth
  3571 | D:5      | Reached XP level 8. HP: 62/62 MP: 8/8
  4055 | D:5      | Found a sparkling altar of Nemelex Xobeh.
  4198 | D:6      | Reached skill level 3 in Evocations
  4501 | D:6      | Reached skill level 7 in Ranged Weapons
  4506 | D:6      | Reached skill level 4 in Throwing
  4637 | D:6      | Reached skill level 5 in Stealth
  4826 | D:6      | Reached XP level 9. HP: 68/68 MP: 9/9
  5338 | D:7      | Found a hide-covered altar of Uskayaw.
  5457 | D:7      | Reached skill level 4 in Evocations
  5740 | D:7      | Found Immome's Weapon Boutique.
  5826 | D:7      | Noticed Duvessa
  5826 | D:7      | Noticed Dowan
  5829 | D:7      | Noticed Maggie
  5833 | D:7      | Killed Dowan
  5866 | D:7      | Killed Maggie
  5867 | D:7      | Reached skill level 8 in Ranged Weapons
  5867 | D:7      | Reached skill level 5 in Throwing
  6225 | D:7      | Killed Duvessa
  6304 | D:7      | Found a staircase to the Ecumenical Temple.
  6576 | D:8      | Reached skill level 5 in Evocations
  6690 | D:8      | Reached skill level 9 in Ranged Weapons
  6846 | D:7      | Bought the +8 storm bow {elec, penet} for 1011 gold pieces
  6846 | D:7      | Found the +8 storm bow {elec, penet}
  6889 | D:8      | Reached XP level 10. HP: 43/74 MP: 10/10
  7069 | D:8      | Noticed a two-headed ogre
  7085 | D:8      | Killed a two-headed ogre
  7086 | D:8      | Reached skill level 10 in Ranged Weapons
  7086 | D:8      | Reached skill level 6 in Throwing
  7086 | D:8      | Reached skill level 6 in Evocations
  7468 | D:8      | Found a shadowy altar of Dithmenos.
  7614 | D:9      | Reached skill level 11 in Ranged Weapons
  7833 | D:9      | Reached skill level 7 in Evocations
  7964 | D:9      | Found a stormy altar of Qazlal.
  8129 | D:10     | Entered Level 10 of the Dungeon
  8154 | D:10     | Reached XP level 11. HP: 58/79 MP: 11/11
  8238 | D:10     | Reached skill level 12 in Ranged Weapons
  8354 | D:10     | Reached skill level 8 in Evocations
  8487 | D:10     | Noticed a two-headed ogre
  8491 | D:10     | Killed a two-headed ogre
  8519 | D:10     | Found Zaqog's Jewellery Emporium.
  8552 | D:10     | Reached skill level 13 in Ranged Weapons
  8591 | D:10     | Found a shimmering blue altar of Sif Muna.
  8617 | D:10     | Found a staircase to the Orcish Mines.
  8653 | D:10     | Found a staircase to the Lair.
  8828 | D:10     | Noticed Lodul
  9068 | D:10     | Paralysed by Lodul for 5 turns
  9075 | D:10     | Killed Lodul
  9076 | D:10     | Reached skill level 9 in Evocations
  9444 | Lair:1   | Entered Level 1 of the Lair of Beasts
  9558 | D:10     | Reached XP level 12. HP: 59/86 MP: 12/12
  9870 | D:10     | Reached skill level 14 in Ranged Weapons
 11027 | Lair:2   | Noticed a six-headed hydra
 11031 | Lair:2   | Killed a six-headed hydra
 11066 | Lair:2   | Reached skill level 10 in Evocations
 11157 | Lair:2   | Found a staircase to the Snake Pit.
 11545 | Lair:2   | Found a staircase to the Shoals.
 11586 | Lair:2   | Got the Monograph on Snow-white Arcane Weapons
 11593 | Lair:2   | Learned a level 5 spell: Freezing Cloud
 11880 | Snake:1  | Entered Level 1 of the Snake Pit
 11880 | Snake:1  | Noticed a naga sharpshooter
 11902 | Lair:3   | Reached skill level 1 in Ice Magic
 11902 | Lair:3   | Reached skill level 1 in Air Magic
 11905 | Lair:3   | Reached skill level 1 in Conjurations
 11906 | Lair:3   | Reached skill level 15 in Ranged Weapons
 11906 | Lair:3   | Reached skill level 1 in Spellcasting
 12170 | Lair:3   | Noticed Urug
 12177 | Lair:3   | Killed Urug
 12189 | Lair:3   | Noticed a catoblepas
 12198 | Lair:3   | Killed a catoblepas
 12199 | Lair:3   | Reached skill level 2 in Conjurations
 12199 | Lair:3   | Reached skill level 2 in Ice Magic
 12199 | Lair:3   | Reached skill level 2 in Air Magic
 12226 | Lair:3   | Reached skill level 2 in Spellcasting
 12330 | Lair:3   | Reached XP level 13. HP: 91/91 MP: 16/16
 12384 | Lair:3   | Reached skill level 3 in Conjurations
 12384 | Lair:3   | Reached skill level 3 in Ice Magic
 12384 | Lair:3   | Reached skill level 3 in Air Magic
 12398 | Lair:3   | Reached skill level 3 in Spellcasting
 13218 | Lair:4   | Reached skill level 4 in Ice Magic
 13218 | Lair:4   | Reached skill level 4 in Air Magic
 13222 | Lair:4   | Reached skill level 4 in Conjurations
 13510 | Lair:4   | Reached skill level 4 in Spellcasting
 13767 | Lair:4   | Noticed an eight-headed hydra
 13772 | Lair:4   | Killed an eight-headed hydra
 13780 | Lair:4   | Reached skill level 5 in Ice Magic
 13837 | Lair:4   | Reached skill level 5 in Air Magic
 13849 | Lair:4   | Reached skill level 5 in Conjurations
 13869 | Lair:4   | Reached XP level 14. HP: 98/98 MP: 20/20
 13932 | Lair:4   | HP: 9/98 [something (8)]
 14598 | Lair:5   | Entered Level 5 of the Lair of Beasts
 14763 | Lair:5   | Found a burning altar of Makhleb.
 14780 | Lair:5   | Reached skill level 5 in Spellcasting
 14912 | Lair:5   | Found a staircase to the Slime Pits.
 14919 | Lair:5   | Found a viscous altar of Jiyva.
 14981 | Lair:5   | Reached skill level 11 in Evocations
 15027 | Lair:5   | Found a dark tunnel.
 15040 | Volcano  | Entered a volcano
 15042 | Volcano  | Reached skill level 16 in Ranged Weapons
 15076 | Volcano  | Reached skill level 6 in Ice Magic
 15084 | Volcano  | Reached skill level 6 in Air Magic
 15088 | Volcano  | Reached skill level 6 in Conjurations
 15556 | Lair:5   | HP: 9/98 [death yak (18)]
 15837 | Lair:5   | Identified the amulet "Abbuumpub" {Faith Slay+2 SInv}
 16231 | Orc:1    | Entered Level 1 of the Orcish Mines
 16253 | Orc:1    | Reached skill level 6 in Spellcasting
 16601 | Orc:2    | Entered Level 2 of the Orcish Mines
 16896 | Orc:2    | Noticed Saint Roka
 16930 | Orc:2    | HP: 5/98 [Saint Roka/bolt (31)]
 16931 | Orc:2    | Killed Saint Roka
 16932 | Orc:2    | Reached skill level 7 in Conjurations
 16932 | Orc:2    | Reached skill level 7 in Ice Magic
 16932 | Orc:2    | Reached skill level 7 in Air Magic
 16932 | Orc:2    | Reached XP level 15. HP: 7/103 MP: 24/24
 17111 | Orc:2    | Found Isahia's Antique Weapon Shop.
 17134 | Orc:2    | Found Quoroel's Antique Armour Boutique.
 17149 | Orc:2    | Bought a glowing scarf for 312 gold pieces
 17149 | Orc:2    | Bought an ancient buckler for 370 gold pieces
 17149 | Orc:2    | Identified the +1 buckler "Pogru" {rElec Str-4 SInv} (You
                  | bought it in a shop on level 2 of the Orcish Mines)
 17149 | Orc:2    | Bought a runed kite shield for 292 gold pieces
 17458 | Orc:2    | Found Piboes's Armour Boutique.
 17473 | Orc:2    | Bought a +0 pair of gloves of stealth for 184 gold pieces
 17504 | Orc:2    | Found a staircase to the Elven Halls.
 17834 | Orc:2    | Found Famel's Jewellery Emporium.
 17845 | Orc:2    | Bought the ring "Tais" {rPois rF+ Int+6} for 704 gold
                  | pieces
 17845 | Orc:2    | Bought the ring "Zipsed" {Fly rN+ Str-4 Int+3} for 345 gold
                  | pieces
 18378 | D:11     | Identified the +2 robe of Lilacs {Regen+ Str+4 Int-2 SInv}
 18760 | D:11     | Found a hazy altar of Hepliaklqana.
 18768 | D:11     | Found a faded altar of an unknown god.
 18958 | D:12     | Reached skill level 7 in Spellcasting
 19053 | D:12     | Reached skill level 12 in Evocations
 19355 | D:12     | Noticed Snorg
 19361 | D:12     | Killed Snorg
 19509 | D:13     | Reached skill level 8 in Air Magic
 19512 | D:13     | Reached skill level 8 in Ice Magic
 19572 | D:13     | Identified the +2 ring mail "Suppeatz" {rF- rN+++ Stlth+}
 19621 | D:13     | Found a gate to the Vaults.
 19628 | D:13     | Reached skill level 8 in Conjurations
 19739 | D:13     | Found a radiant altar of Vehumet.
 20223 | D:13     | Noticed Frances
 20230 | D:13     | Killed Frances
 20387 | D:13     | Bought 2 scrolls of summoning for 342 gold pieces
 20387 | D:13     | Bought a scroll of identify for 36 gold pieces
 20387 | D:13     | Bought a scroll of identify for 36 gold pieces
 20387 | D:13     | Bought a scroll of summoning for 171 gold pieces
 20387 | D:13     | Bought a scroll of fear for 72 gold pieces
 20396 | D:13     | Bought the ring "Nishroaps" {+Blink rElec SInv} for 468
                  | gold pieces
 20396 | D:13     | Bought the necklace of Bloodlust {Fury *Rage Will++ Int-3
                  | Slay+6} for 588 gold pieces
 20396 | D:13     | Found the necklace of Bloodlust {Fury *Rage Will++ Int-3
                  | Slay+6}
 20429 | D:14     | Reached XP level 16. HP: 92/109 MP: 27/27
 20491 | D:14     | Found a gateway to a bazaar.
 21120 | D:14     | Found a shimmering blue altar of Sif Muna.
 21161 | D:14     | Reached skill level 17 in Ranged Weapons
 21490 | D:14     | Identified a scarf of resistance
 22014 | D:15     | Entered Level 15 of the Dungeon
 22058 | D:15     | Reached skill level 8 in Spellcasting
 22181 | D:15     | HP: 10/109 [red ugly thing (8)]
 22181 | D:15     | Slain by a red ugly thing

Vanquished Creatures
  Saint Roka (Orc:2)
  Frances (D:13)
  Snorg (D:12)
  2 ettins (Orc:2)
  4 vault guards (D:13)
  3 hydras
  An ogre mage (D:13)
  6 centaur warriors
  3 catoblepae
  4 tengu warriors
  4 two-headed ogres
  10 death yaks
  A deep troll shaman (Lair:5)
  A hell hog (Volcano)
  Urug (Lair:3)
  An orc high priest (Orc:2)
  A fire crab (Lair:4)
  2 skysharks
  Lodul (D:10)
  3 orc knights
  A deep elf pyromancer (D:12)
  5 orc sorcerers
  12 ugly things
  3 manticores
  A cyclops (D:14)
  A centaur zombie (D:10)
  4 black mambas (Lair:4)
  15 elephants
  A guardian serpent (shapeshifter) (D:14)
  A torpor snail (Lair:5)
  4 gargoyles
  7 cane toads
  An unseen horror (D:12)
  Maggie (D:7)
  An efreet (D:13)
  6 komodo dragons
  2 yaktaurs (D:13)
  An unseen horror zombie (D:10)
  3 tengu conjurers (D:15)
  9 trolls
  A polar bear (Lair:3)
  14 blink frogs
  A meliai zombie (D:10)
  5 slime creatures (D:12)
  8 wyverns
  2 shadows
  54 yaks
  9 fire bats
  6 wraiths
  A basilisk (D:14)
  2 vampire mosquitoes (D:13)
  2 steam dragons (Volcano)
  2 wargs (Orc:1)
  2 nagas (Lair:2)
  4 hell hounds (Volcano)
  11 water moccasins
  An ice beast (D:7)
  Duvessa (D:7)
  A sky beast (D:8)
  A black bear (Lair:5)
  28 orc warriors
  16 wolves
  12 ogres
  2 phantoms
  14 centaurs
  4 kobold brigands
  13 bullfrogs
  5 necrophages
  6 scorpions
  2 gnoll sergeants
  3 wights (D:8)
  5 killer bees (D:9)
  2 electric eels (D:10)
  A howler monkey (D:10)
  6 hounds
  2 jellies
  15 orc priests
  Ijyb (D:4)
  21 orc wizards
  2 iguanas
  Robin (D:3)
  A howler monkey zombie (D:10)
  8 gnolls
  3 adders
  A shadow imp (D:8)
  A white imp (D:7)
  2 worms
  100 orcs
  6 ball pythons
  5 bats
  5 endoplasms
  4 giant cockroaches
  21 goblins
  8 hobgoblins
  9 jackals
  5 quokkas
  6 frilled lizards
  28 kobolds
  5 rats
637 creatures vanquished.

Vanquished Creatures (others)
  Dowan (D:7)
  An orc wizard (D:5)
  An orc (D:5)
  13 fungi
  39 plants
55 creatures vanquished.

Grand Total: 692 creatures vanquished

Table legend: (Time is in decaauts)
 A = Elapsed time spent in this place.
 B = Non-inter-level travel time spent in this place.
 C = Inter-level travel time spent in this place.
 D = Time resting spent in this place.
 E = Time spent auto-exploring this place.
 F = Levels seen in this place.
 G = Mean time per level.
                   A        B        C        D        E       F      G
               +--------+--------+--------+--------+--------+-----+--------+
         Total |  22212 |  21218 |    994 |   1020 |  16396 |  24 |  925.5 |
       Dungeon |  14487 |  13954 |    533 |    742 |  10662 |  15 |  965.8 |
          Lair |   5917 |   5574 |    343 |    242 |   4500 |   5 | 1183.4 |
     Snake Pit |      1 |      1 |      0 |      0 |      0 |   1 |    1.0 |
  Orcish Mines |   1736 |   1618 |    118 |     35 |   1234 |   2 |  868.0 |
       Volcano |     68 |     68 |      0 |      0 |      0 |   1 |   68.0 |
               +--------+--------+--------+--------+--------+-----+--------+

Top non-repeatable levels by time:
    D:10: 2095 daAuts
    D:14: 1603 daAuts
  Lair:4: 1470 daAuts
  Lair:5: 1456 daAuts
     D:7: 1378 daAuts
   Orc:2: 1329 daAuts
     D:4: 1267 daAuts
  Lair:3: 1237 daAuts
     D:6: 1099 daAuts
     D:3: 1050 daAuts
     D:5: 967 daAuts
    D:13: 956 daAuts
     D:8: 877 daAuts
  Lair:1: 877 daAuts
  Lair:2: 876 daAuts

Table legend:
 A = Non-vault XP
 B = Vault XP
 C = Vault XP percentage of total XP
 D = Non-vault monster count
 E = Vault monster count
 F = Vault count percentage of total count
                 A         B        C        D         E       F
            +---------+---------+-------+---------+---------+-------
      Total |   84307 |   37137 |  30.6 |     467 |     173 |  27.0
            +---------+---------+-------+---------+---------+-------
        D:1 |      46 |       0 |   0.0 |      20 |       0 |   0.0
        D:2 |      69 |       0 |   0.0 |      26 |       0 |   0.0
        D:3 |      58 |      48 |  45.3 |      21 |      17 |  44.7
        D:4 |     179 |     130 |  42.1 |      15 |       4 |  21.1
        D:5 |     815 |       0 |   0.0 |      18 |       0 |   0.0
        D:6 |     686 |       0 |   0.0 |      14 |       0 |   0.0
        D:7 |     720 |     541 |  42.9 |      14 |       3 |  17.6
        D:8 |    2726 |       0 |   0.0 |      37 |       0 |   0.0
        D:9 |    1340 |       0 |   0.0 |      26 |       0 |   0.0
       D:10 |    6082 |    3979 |  39.5 |      35 |      26 |  42.6
       D:11 |    3881 |     542 |  12.3 |      25 |       2 |   7.4
       D:12 |    7282 |     945 |  11.5 |      22 |       1 |   4.3
       D:13 |    5963 |    8191 |  57.9 |      14 |      11 |  44.0
       D:14 |   10513 |       0 |   0.0 |      17 |       0 |   0.0
       D:15 |    3749 |       0 |   0.0 |       7 |       0 |   0.0
     Lair:1 |    1727 |       0 |   0.0 |      12 |       0 |   0.0
     Lair:2 |    2500 |     877 |  26.0 |       9 |       7 |  43.8
     Lair:3 |   10087 |     953 |   8.6 |      38 |       2 |   5.0
     Lair:4 |   13644 |     425 |   3.0 |      35 |       1 |   2.8
     Lair:5 |    6348 |    8907 |  58.4 |      17 |      19 |  52.8
      Orc:1 |    2227 |       0 |   0.0 |      21 |       0 |   0.0
      Orc:2 |    3665 |    8715 |  70.4 |      24 |      67 |  73.6
    Volcano |       0 |    2884 | 100.0 |       0 |      13 | 100.0
            +---------+---------+-------+---------+---------+-------
